 Dungeon Crawl Stone Soup version 0.17-a0-2055-gb4e23be (webtiles) character file.

181 SlimeFever the Insei (level 5, -2/41 HPs)
             Began as a Demonspawn Monk on Oct 11, 2015.
             Was a Follower of Ru.
             Slain by an ogre
             ... wielding a +0 giant club
              (21 damage)
             ... on level 4 of the Dungeon.
             The game lasted 00:31:28 (3688 turns).

SlimeFever the Insei (Demonspawn Monk)              Turns: 3688, Time: 00:31:28

Health: -2/41      AC:  3    Str: 12    XL:     5   Next: 34%
Magic:  5/5        EV: 14    Int: 12    God:    Ru [*.....]
Gold:   200        SH:  0    Dex: 15    Spells: 0 memorised, 4 levels left

rFire  . . .     SeeInvis .       - Unarmed
rCold  . . .     Clarity  .     a - +0 robe
rNeg   . . .     SustAt   .     (no shield)
rPois  .         Gourm    .     (helmet restricted)
rElec  .         Spirit   .     (no cloak)
rCorr  .         Warding  .     (no gloves)
rMut   .         Stasis   .     (no boots)
MR     .....                    (no amulet)
Stlth  +++.......               (no ring)
                                (no ring)

@: no scrolls, not resistant to hostile enchantments, fairly stealthy
A: antennae 1, molten scales 1, demonic guardian 1, nightstalker 1, inability to
read while threatened
a: Renounce Religion


You were on level 4 of the Dungeon.
You worshipped Ru.
Ru was aware of your devotion.
You were not hungry.

You visited 1 branch of the dungeon, and saw 4 of its levels.

You collected 200 gold pieces.

Inventory:

Missiles
 c - 48 poisoned needles
 d - 17 sling bullets
Armour
 a - a +0 robe (worn)
Wands
 p - a wand of cold (5)
Scrolls
 b - 3 scrolls of remove curse
 m - 3 scrolls of teleportation
Potions
 e - 4 potions of curing
 f - a potion of invisibility {unknown}
 h - 3 potions of flight
 i - a potion of resistance {unknown}
 k - 2 potions of might
 l - a potion of agility {unknown}
Books
 n - a book of Ice

   Spells                             Type                      Level
   a - Ice Form                       Ice/Transmutation            4
   b - Metabolic Englaciation         Hexes/Ice                    5
   c - Ozocubu's Refrigeration        Ice                          6
   d - Bolt of Cold                   Conjuration/Ice              6
   e - Freezing Cloud                 Conjuration/Ice/Air          6
   f - Simulacrum                     Ice/Necromancy               6
Comestibles
 g - 3 bread rations
 j - a slice of pizza


   Skills:
 + Level 3.4 Fighting
 * Level 3.8 Dodging
 * Level 2.5 Stealth
 * Level 4.8 Unarmed Combat


You had 4 spell levels left.
You didn't know any spells.

Dungeon Overview and Level Annotations

Branches:
Dungeon (4/15)
 Temple: D:4-7

Altars:
Ashenzari
Ru
Yredelemnul


Innate Abilities, Weirdness & Mutations

You have a pair of small antennae on your head.
You are partially covered in molten scales (AC +1).
A weak demonic guardian rushes to your aid.
You are slightly more attuned to the shadows.
You cannot read scrolls while threatened.


Message History

Your quasit bites the ogre.
Your quasit claws the ogre.
Your quasit claws the ogre.
Your quasit bites the ogre but does no damage.
Your quasit claws the ogre.
Your quasit barely misses the ogre.
Found a bread ration.
What do you say? t - Shout!
Orders for allies: a - Attack new target. r - Retreat! s - Stop attacking. w - Wait here. f - Follow me.
Anything else - Stay silent.
Wait here!
Your iron imp hits the ogre.
The ogre closely misses your iron imp.
Your iron imp hits the ogre.
The ogre hits your iron imp with a giant club!!
Your iron imp dies!
The ogre hits you with a giant club!!
You feel threatened and lose the ability to read scrolls!
Ouch! That really hurt!
You die...

####. ###
........%#
......##.# #
.....#..#
#.##.#....##
...........###...
.......@...........
....#O#.#####.....
##. #.### #. .#a#
#.# #.#... #.# ...#
#a######..#
#...5Oa...#
########.## #.#


You could see an ogre and a worker ant.

Vanquished Creatures
  3 gnolls (D:3)
  3 adders
  An ooze (D:2)
  2 worms (D:2)
  4 giant geckos
  10 giant cockroaches
  10 goblins
  7 hobgoblins
  6 jackals
  7 kobolds
  A quokka (D:3)
  3 ball pythons
  8 bats
  9 giant newts
  11 rats
85 creatures vanquished.

Vanquished Creatures (collateral kills)
  A hound (D:4)
1 creature vanquished.

Vanquished Creatures (others)
  A hobgoblin (D:3)
1 creature vanquished.

Grand Total: 87 creatures vanquished

Notes
Turn   | Place    | Note
--------------------------------------------------------------
     0 | D:1      | SlimeFever the Demonspawn Monk began the quest for the Orb.
     0 | D:1      | Reached XP level 1. HP: 18/18 MP: 1/1
   280 | D:1      | Gained mutation: You have a pair of small antennae on your head. [demonic ancestry]
   280 | D:1      | Reached XP level 2. HP: 17/24 MP: 2/2
   336 | D:1      | Reached skill level 4 in Unarmed Combat
  1142 | D:2      | Gained mutation: You are slightly more attuned to the shadows. [demonic ancestry]
  1142 | D:2      | Reached XP level 3. HP: 27/29 MP: 3/3
  1273 | D:2      | Found a shattered altar of Ashenzari.
  1813 | D:2      | Found a basalt altar of Yredelemnul.
  2118 | D:2      | Gained mutation: A weak demonic guardian rushes to your aid. [demonic ancestry]
  2118 | D:2      | Reached XP level 4. HP: 21/35 MP: 4/4
  2171 | D:2      | HP: 1/35 [poisoned by an adder]
  2337 | D:2      | Found a sacrificial altar of Ru.
  2344 | D:2      | Became a worshipper of Ru the Awakened
  2359 | D:2      | Gained mutation: You cannot read scrolls while threatened. [Ru sacrifice]
  2359 | D:2      | Acquired Ru's first power
  3537 | D:3      | Gained mutation: You are partially covered in molten scales (AC +1). [demonic ancestry]
  3537 | D:3      | Reached XP level 5. HP: 22/41 MP: 5/5
  3648 | D:4      | Noticed an ogre
  3688 | D:4      | Slain by an ogre

Vault maps used:
D:1:      dpeg_arrival_boxorama, hangedman_decor_clover_reticule
D:2:      kennysheep_six_static_rooms, nicolae_ru_the_path_less_chosen,
          nicolae_overflow_crystal_walls, lemuel_crystal_altar
D:4:      lemuel_doored_altar, minmay_temple_entry_junction, first_bread

Action                   |  1- 3 |  4- 6 || total
-------------------------+-------+-------++-------
Melee: Unarmed           |   187 |   158 ||   345
Invok: Sacrifice Words   |       |     1 ||     1
  Use: Scroll            |     2 |     7 ||     9
       Potion            |       |     2 ||     2
 Stab: Sleeping          |     7 |     7 ||    14
       Distracted        |       |     1 ||     1
  Eat: Bread ration      |     1 |       ||     1
       Meat ration       |       |     1 ||     1
